 Seeded DCSS version 0.28-a0-697-g47f3eba078 (webtiles) character file.

Game seed: 20211023 (custom seed)

341 ytrimaz the Chopper (level 6, -2/49 HPs)
             Began as a Formicid Fighter on Oct 23, 2021.
             Slain by an ogre (15 damage)
             ... on level 4 of the Dungeon.
             The game lasted 00:03:00 (3297 turns).

ytrimaz the Chopper (Formicid Fighter)              Turns: 3297, Time: 00:03:00

Health: -2/49      AC:  8    Str: 23    XL:     6   Next: 87%
Magic:  6/6        EV: 10    Int:  7    God:
Gold:   172        SH:  4    Dex: 10    Spells: 5/5 levels left

rFire   . . .      SeeInvis +   a - +0 war axe
rCold   . . .      Faith    .   c - +0 buckler
rNeg    . . .      Spirit   .   b - +0 scale mail
rPois   .          Reflect  .   (helmet unavailable)
rElec   .          Harm     .   (no cloak)
rCorr   .          Rampage  .   m - +0 pair of gloves
Will    .....                   (no boots)
Stlth   ..........              (no amulet)
HPRegen 0.16/turn               (no ring)
MPRegen 0.10/turn               (no ring)

@: no status effects
A: permanent stasis, dig shafts and tunnels, antennae 3, four strong arms
a: Dig, Shaft Self


You were on level 4 of the Dungeon.
You visited 1 branch of the dungeon, and saw 4 of its levels.

You collected 172 gold pieces.

Inventory:

Hand Weapons
 a - a +0 war axe (weapon)
Armour
 b - a +0 scale mail (worn)
 c - a +0 buckler (worn)
 m - a +0 pair of gloves (worn)
Scrolls
 k - a scroll of noise {unknown}
 l - a scroll of identify {unknown}
Potions
 e - a potion of curing
 f - 2 potions of lignification {unknown}
 g - 2 potions of attraction {unknown}
 h - a potion of brilliance {unknown}
 i - a potion of heal wounds {unknown}
 j - a potion of berserk rage {unknown}


   Skills:
 + Level 4.5 Fighting
 + Level 4.8 Axes
 + Level 4.6 Armour
 - Level 0.6 Dodging
 - Level 4.2 Shields


You had 5 spell levels left.
You didn't know any spells.
Your spell library contained the following spells:

 Spells                   Type           Power      Damage    Failure   Level
 Apportation              Tloc           0%         N/A       75%         1
 Magic Dart               Conj           0%         1d3       75%         1
 Call Imp                 Summ           0%         N/A       86%         2
 Corpse Rot               Necr/Air       0%         N/A       86%         2
 Mephitic Cloud           Conj/Pois/Air  0%         N/A       98%         3
 Dispel Undead            Necr           0%         3d6       100%        4
 Alistair's Intoxication  Tmut/Pois      0%         N/A       100%        5
 Death Channel            Necr           0%         N/A       100%        6
 Invisibility             Hex            0%         N/A       100%        6
 Borgnjor's Revivificati  Necr           0%         N/A       100%        8
 Necromutation            Tmut/Necr      0%         N/A       100%        8
 Death's Door             Necr           0%         N/A       100%        9


Dungeon Overview and Level Annotations

Branches:
Dungeon (4/15)
 Temple: D:4-7

Altars:
Dithmenos
Okawaru


Innate Abilities, Weirdness & Mutations

You cannot be hasted, slowed, berserked, paralysed or teleported.
You can dig through walls and to a lower floor.
You have a pair of large antennae on your head. (SInv)
Your four strong arms can wield two-handed weapons with a shield.


Message History

No target in view!
No target in view!
No target in view!
No target in view!
Things that are here:
a +0 mace; a +0 robe; the orc corpse of Blork the orc
Things that are here:
a +0 mace; a +0 robe; the orc corpse of Blork the orc You sense a monster nearby.
An ogre comes into view. It is wielding a +0 giant club.
The ogre shouts!
The ogre moves out of view.
There is a stone staircase leading up here.
You completely miss the ogre. The ogre barely misses you.
You hit the ogre.
The ogre is lightly wounded.
The ogre hits you with a +0 giant club.
You slash the ogre!
The ogre is heavily wounded.
The ogre hits you with a +0 giant club!!
You are too injured to fight recklessly!
You are too injured to fight recklessly!
You are too injured to fight recklessly!
You are too injured to fight recklessly!
You are too injured to fight recklessly!
You are too injured to fight recklessly!
You are too injured to fight recklessly!
You are too injured to fight recklessly!
You are too injured to fight recklessly!
You are too injured to fight recklessly!
It was a potion of curing.
You feel better. The ogre hits you with a +0 giant club!
You hit the ogre.
The ogre is severely wounded.
The ogre hits you with a +0 giant club!
* * * LOW HITPOINT WARNING * * *
You hit the ogre.
The ogre is almost dead.
The ogre hits you with a +0 giant club!
You die...

##.#######..##
#...........# ##
###..######...#
...######.............#
{
...........[.######...#
#...........[........#
#..###..........##...#
#..###<.....###.##...#
#...O@......###>##...#
#....................#
##.#######.####<##.###
# ..# #.##†# #.##
#.##.# #.##.# #. #.##.#
##.# #....## ...#
#.....#


You could see an ogre.

Vanquished Creatures
  An orc warrior (D:4)
  Blork the orc (D:4)
  3 orc wizards
  2 worms (D:2)
  4 dart slugs
  12 orcs
  7 endoplasms
  5 giant cockroaches
  7 goblins
  5 hobgoblins (D:2)
  11 jackals
  3 kobolds
  3 quokkas
  5 ball pythons
  5 bats
  3 frilled lizards
  8 rats
85 creatures vanquished.

Notes
Turn   | Place    | Note
-------+----------+-------------------------------------------
     0 | D:1      | ytrimaz the Formicid Fighter began the quest for the Orb.
     0 | D:1      | Reached XP level 1. HP: 18/18 MP: 1/1
   169 | D:1      | Found a faded altar of an unknown god.
   183 | D:1      | Reached XP level 2. HP: 19/24 MP: 2/2
   472 | D:1      | Reached XP level 3. HP: 22/29 MP: 3/3
  1143 | D:2      | Reached XP level 4. HP: 26/37 MP: 4/4
  1672 | D:3      | Found an iron altar of Okawaru.
  2296 | D:3      | Reached XP level 5. HP: 30/42 MP: 5/5
  2551 | D:4      | Noticed an orc warrior
  2562 | D:4      | Killed an orc warrior
  2563 | D:4      | Reached XP level 6. HP: 21/48 MP: 6/6
  3005 | D:4      | Found a shadowy altar of Dithmenos.
  3165 | D:4      | Noticed Blork the orc
  3174 | D:4      | Killed Blork the orc
  3289 | D:4      | Noticed an ogre
  3297 | D:4      | Slain by an ogre

Illustrated notes

Levels and vault maps discovered:
D:1:      dpeg_arrival_prison, layout_rooms, ebering_ecumenical_altar_abandoned,
          hangedman_decor_growths, columned_hall_lemuel
D:2:      layout_rooms
D:3:      layout_basic, mainiacjoe_overflow_boulevard, amcnicky_mini_pool_small
D:4:      layout_loops_ring, overflow_temple_1_default, grunt_decor_clamped,
          uniq_crazy_yiuf_cottage, uniq_blork_the_orc

Skill      XL: |  1  2  3  4  5 |
---------------+----------------+-----
Shields        | 4 |  4.2
Axes           | 3 4 |  4.8
Armour         | 4 |  4.6
Fighting       | 4 |  4.5
Dodging        | |  0.6

Action                   |  1- 3 |  4- 6 || total
-------------------------+-------+-------++-------
Melee: War axe           |    95 |   122 ||   217
  Use: Scroll            |       |     1 ||     1
       Potion            |       |     2 ||     2
Armor: Scale mail        |    50 |    53 ||   103
Dodge: Dodged            |    57 |    69 ||   126
Block: Buckler           |    22 |    23 ||    45

Table legend: (Time is in decaauts)
 A = Elapsed time spent in this place.
 B = Non-inter-level travel time spent in this place.
 C = Inter-level travel time spent in this place.
 D = Time resting spent in this place.
 E = Time spent auto-exploring this place.
 F = Levels seen in this place.
 G = Mean time per level.
                   A        B        C        D        E       F      G
               +--------+--------+--------+--------+--------+-----+--------+
         Total |   3373 |   3298 |     75 |    266 |   2435 |   4 |  843.2 |
       Dungeon |   3373 |   3298 |     75 |    266 |   2435 |   4 |  843.2 |
               +--------+--------+--------+--------+--------+-----+--------+

Top non-repeatable levels by time:
     D:1: 1127 daAuts
     D:3: 1031 daAuts
     D:4: 641 daAuts
     D:2: 574 daAuts
